Cogmind - Beta 15 @@@ ROGUE MODE // 2025.05.10 @ 02:09:32 Player: gigi283 Result: Destroyed by G-47 Trooper with Particle Gun Performance ------------- Evolutions (0) 0 Regions Visited (4) 800 Robots Destroyed (8) 40 Value Destroyed (187) 187 Prototype IDs (23) 460 Alien Tech Used (0) 0 Bonus (300) 300 TOTAL SCORE: 1787 Bonus ------- Aligned with FarCom 300 Cogmind --------- Core Integrity 0/250 Matter 300/300 Energy 100/100 System Corruption 0% Temperature Cool (9) Movement Rolling (90) Location -9/Mines Parts ------- > --- POWER (1) -------- (None) > --- PROPULSION (2) --- Wheel Compact Wheel > --- UTILITY (2) ------ Small Storage Unit Visual Processing Unit > --- WEAPON (2) ------- Beam Cannon Mini Grenade Launcher > --- INVENTORY (8) ---- Combat Airjet Supersonic Drone Bay (1/1) Particle Gun Light Assault Rifle Mining Laser Peak State ------------ > --- POWER ------------ Ion Engine > --- PROPULSION ------- Wheel Wheel > --- UTILITY ---------- Small Storage Unit Improved Terrain Scanner > --- WEAPON ----------- EM Pulse Gun Light Assault Rifle > --- INVENTORY -------- Light Ion Engine [Rating: 9] Favorites ----------- Power Light Ion Engine Engine Light Ion Engine Propulsion Wheel Leg Aluminum Leg Wheel Wheel Utility Small Storage Unit Device Improved Terrain Scanner Storage Small Storage Unit Processor Visual Processing Unit Weapon EM Pulse Gun Energy Gun EM Pulse Gun Energy Cannon Beam Cannon Ballistic Gun Light Assault Rifle Launcher Mini Grenade Launcher Build | -11 -10 -10 -10 -9 ------- Run | Yrd Mat Min Exi Min Slots Evolved . | . . . . . Power . | . . . . . Propulsion . | . . . . . Utility . | . . . . . Weapon . | . . . . . Parts Attached 19 | 7 1 11 . . Power 2 | 1 . 1 . . Engine 2 | 1 . 1 . . Core . | . . . . . Reactor . | . . . . . Propulsion 7 | 2 . 5 . . Treads . | . . . . . Leg 1 | . . 1 . . Wheel 6 | 2 . 4 . . Hover . | . . . . . Flight . | . . . . . Utility 3 | 2 . 1 . . Device 1 | 1 . . . . Storage 1 | 1 . . . . Processor 1 | . . 1 . . Hackware . | . . . . . Protection . | . . . . . Artifact . | . . . . . Weapon 7 | 2 1 4 . . Energy Gun 2 | 1 . 1 . . Energy Cannon 1 | . 1 . . . Ballistic Gun 2 | 1 . 1 . . Ballistic Cannon . | . . . . . Launcher 2 | . . 2 . . Special Weapon . | . . . . . Impact Weapon . | . . . . . Slashing Weapon . | . . . . . Piercing Weapon . | . . . . . Special Melee Weapon . | . . . . . Unidentified Prototypes . | . . . . . Parts Lost 7 | . . 7 . . Power 1 | . . 1 . . Propulsion 3 | . . 3 . . Utility 1 | . . 1 . . Weapon 2 | . . 2 . . Highest Loss Streak 4 | . . 4 . . To Critical Strikes . | . . . . . Average Backups 4 | 1 2 4 4 5 Power . | 1 1 . . . Propulsion . | . . . 1 1 Utility . | . . . . 1 Weapon 2 | . . 3 3 3 Tool/Special . | . . . . . Unused Backups 5 | 1 . 1 . 3 Power . | . . . . . Propulsion 2 | . . 1 . 1 Utility 1 | . . . . 1 Weapon 2 | 1 . . . 1 Tool/Special . | . . . . . Average Slot Usage (%) 90 | . 100 88 85 85 Engine 7 | . 14 8 . . Wheel 24 | . 28 22 28 28 Device 4 | . 14 2 . . Storage 14 | . 14 14 14 14 Processor 9 | . . 11 14 14 Energy Gun 7 | . 14 9 . . Energy Cannon 6 | . 1 5 14 14 Ballistic Gun 7 | . 12 8 . . Launcher 5 | . . 4 14 14 Peak Build Rating 9 | 9 9 9 9 9 Average Rating 8 | 4 9 7 8 9 On Entrance 7 | . 9 9 8 9 Naked Turns . | . . . . . Heaviest Build 16 | 14 16 14 9 9 Greatest Support 26 | 20 20 26 26 26 Greatest Overweight (x) 3 | . . 3 . . Average Overweight (x) . | . . . . . Largest Inventory Capacity 8 | 8 8 8 8 8 Average Capacity 7 | 7 8 8 8 8 Most Carried 8 | 4 5 8 5 5 Average Carried 4 | 1 2 4 4 5 Final Capacity 8 | 8 8 8 8 8 Final Carried 5 | 1 5 4 5 5 Class Distribution -------------------- 63% | Mutant 36% | Scavenger-Mutant Dominant Class ---------------- Mutant | -10/Materials Mutant | -10/Mines Scavenger-Mutant | -10/Exiles Scavenger-Mutant | -9/Mines Resources | -11 -10 -10 -10 -9 ----------- Run | Yrd Mat Min Exi Min Matter Collected 499 | 232 27 240 . . Remotely . | . . . . . Salvage Created 215 | 13 27 175 . . Parts 18 | 6 3 9 . . Haulers Intercepted . | . . . . . Recyclers Shooed . | . . . . . Parts Field Recycled . | . . . . . Retrieved Matter . | . . . . . Parts Self-Destructed . | . . . . . Prevented . | . . . . . Kills | -11 -10 -10 -10 -9 ------- Run | Yrd Mat Min Exi Min Combat Hostiles Destroyed 11 | . . 11 . . Guns 7 | . . 7 . . Cannons 1 | . . 1 . . AOE 3 | . . 3 . . Classes Destroyed 6 | 1 1 4 . . Tunneler 1 | 1 . . . . Watcher 1 | . 1 . . . Swarmer 3 | . . 3 . . Grunt 2 | . . 2 . . Demolisher 1 | . . 1 . . Assembled 5 | . . 5 . . Best Kill Streak 3 | 1 1 3 . . Combat Bots Only 3 | . . 3 . . Max Kills in Single Turn 1 | 1 1 1 . . Gunslinging . | . . . . . Exploded 1 | . . 1 . . Melee . | . . . . . Uniques/NPCs Destroyed . | . . . . . Combat | -11 -10 -10 -10 -9 -------- Run | Yrd Mat Min Exi Min Hostile Shots Fired 65 | . . 64 . 1 Missed 15 | . . 15 . . Hits 50 | . . 49 . 1 Melee 1 | . . 1 . . Projectile 49 | . . 48 . 1 AOE 4 | . . 4 . . Critical Strikes 1 | . . 1 . . Damage Taken 846 | . . 829 . 17 Core 258 | . . 241 . 17 Absorbed by Shields . | . . . . . Core Remaining (%) 100 | 100 . . . . Volleys Fired 42 | 1 3 38 . . Largest 2 | 2 2 2 . . Hottest 100 | 60 60 100 . . Shots Fired 74 | 2 6 66 . . Gun 49 | 2 6 41 . . Cannon 17 | . . 17 . . Launcher 8 | . . 8 . . Special . | . . . . . Kinetic 25 | 1 3 21 . . Thermal 22 | . . 22 . . Explosive 8 | . . 8 . . Electromagnetic 19 | 1 3 15 . . Robot Hit Streak 8 | 1 2 8 . . Robot Miss Streak 3 | . 3 3 . . Penetration Max . | . . . . . Secondary Targets 4 | . . 4 . . Max Gunslinging Chain 1 | . . 1 . . Shots Hit Robots 41 | 1 2 38 . . Core Hits 21 | 1 2 18 . . Critical Kills 1 | . . 1 . . Critical Parts Destroyed . | . . . . . Critical Strikes 1 | . . 1 . . Destroy 1 | . . 1 . . Melee Attacks . | . . . . . Impact . | . . . . . Slashing . | . . . . . Piercing . | . . . . . Sneak Attacks . | . . . . . Combat Hostiles . | . . . . . Follow-up Attacks . | . . . . . Damage Inflicted 649 | 12 32 605 . . Guns 368 | 12 32 324 . . Cannons 104 | . . 104 . . Explosions 177 | . . 177 . . Melee . | . . . . . Ramming . | . . . . . Kinetic 125 | . 8 117 . . Thermal 164 | . . 164 . . Explosive 177 | . . 177 . . Electromagnetic 183 | 12 24 147 . . Impact . | . . . . . Slashing . | . . . . . Piercing . | . . . . . Highest Corruption . | . . . . . Average Corruption . | . . . . . Corruption Purged . | . . . . . Corruption Blocked . | . . . . . Overload Shots . | . . . . . Overflow Damage 23 | . . 23 . . Projectiles . | . . . . . Explosions 23 | . . 23 . . Melee . | . . . . . Knockbacks . | . . . . . Impact . | . . . . . Kinetic . | . . . . . Secondary . | . . . . . Self-Inflicted Damage 89 | . . 89 . . Shots 3 | . . 3 . . Rammed . | . . . . . Targets Rammed . | . . . . . Kicked . | . . . . . Crushed . | . . . . . Highest Temperature 121 | 20 40 121 . . Average Temperature 34 | 15 21 35 . . Received Heat Transfer 157 | . . 148 . 9 Siege Activations . | . . . . . Martial Activations . | . . . . . Shielding Activations . | . . . . . Robots Disrupted . | . . . . . Combat Hostiles . | . . . . . Robots Corrupted . | . . . . . Combat Hostiles . | . . . . . Parts Fried . | . . . . . Impact Corruptions . | . . . . . Robots Melted . | . . . . . Combat Hostiles . | . . . . . Parts Melted . | . . . . . Heat Transferred 370 | . . 370 . . Parts Sabotaged . | . . . . . Parts Stolen . | . . . . . Parts Stripped . | . . . . . Power Chain Reactions . | . . . . . Alert | -11 -10 -10 -10 -9 ------- Run | Yrd Mat Min Exi Min Maximum Alert Level . | . . . . . Low Security (%) 100 | 100 100 100 . 100 Level 1 . | . . . . . Level 2 . | . . . . . Level 3 . | . . . . . Level 4 . | . . . . . Level 5 . | . . . . . High Security . | . . . . . Max Security . | . . . . . Peak Influence 70 | 5 12 70 . . Initial . | . . . . . Average 8 | . . 11 . . Influence Increases 204 | 5 19 180 . . Destroy 0b10 Robot/C 120 | . . 120 . . Destroy 0b10 Robot/NC 10 | 5 5 . . . Destroy Leader 22 | . 2 20 . . Successful Hack 12 | . 12 . . . Destroy Structure 40 | . . 40 . . Influence Decreases 204 | 5 19 180 . . Time Decay 177 | 5 19 153 . . Lost Part 27 | . . 27 . . Squads Dispatched 1 | . 1 . . . Investigation . | . . . . . Extermination . | . . . . . Reinforcement 1 | . 1 . . . Assault . | . . . . . Garrison . | . . . . . Intercept . | . . . . . Searches Triggered . | . . . . . Construction Impeded . | . . . . . Haulers Reinforced . | . . . . . Active Scanning Responses . | . . . . . Cargo Convoy Interrupts . | . . . . . Stealth | -11 -10 -10 -10 -9 --------- Run | Yrd Mat Min Exi Min Distress Signals . | . . . . . Communications Jammed . | . . . . . Distress Signals . | . . . . . Times Spotted 25 | . 4 21 . . Peak Tracking Total 11 | . 2 11 . . Tactical Retreats 1 | . . 1 . . Traps | -11 -10 -10 -10 -9 ------- Run | Yrd Mat Min Exi Min Traps Triggered . | . . . . . Indirectly . | . . . . . Trap Hack Attempts . | . . . . . Triggered . | . . . . . Disarmed . | . . . . . Reprogrammed . | . . . . . Reused . | . . . . . Traps Extracted . | . . . . . Installed . | . . . . . Triggered . | . . . . . Machines | -11 -10 -10 -10 -9 ---------- Run | Yrd Mat Min Exi Min Machines Disabled . | . . . . . Max in Single Turn . | . . . . . Machines Repaired . | . . . . . Machines Dismantled . | . . . . . Machines Sabotaged . | . . . . . Overloaded Fab Kills . | . . . . . Hacking | -11 -10 -10 -10 -9 --------- Run | Yrd Mat Min Exi Min Machines Accessed 3 | . 2 . 1 . Terminals 2 | . 2 . . . Fabricators . | . . . . . Repair Stations . | . . . . . Recycling Units . | . . . . . Scanalyzers . | . . . . . Garrison Access . | . . . . . Total Hacks 8 | . 7 . 1 . Successful 3 | . 2 . 1 . Failed 5 | . 5 . . . Catastrophic . | . . . . . Database Lockouts . | . . . . . Manual 6 | . 5 . 1 . Terminals 7 | . 7 . . . Fabricators . | . . . . . Repair Stations . | . . . . . Recycling Units . | . . . . . Scanalyzers . | . . . . . Garrison Access . | . . . . . Terminal Hacks 1 | . . . 1 . Proto ID Catalog 1 | . . . 1 . Fabricator Hacks . | . . . . . Repair Station Hacks . | . . . . . Recycling Unit Hacks . | . . . . . Scanalyzer . | . . . . . Garrison Access Hacks . | . . . . . Unauthorized Hacks 2 | . 2 . . . Terminals 2 | . 2 . . . Botnet 2 | . 2 . . . Fabricators . | . . . . . Repair Stations . | . . . . . Recycling Units . | . . . . . Scanalyzers . | . . . . . Garrison Access . | . . . . . Data Cores Recovered . | . . . . . Used . | . . . . . Hacking Detections 1 | . 1 . . . Full Trace Events . | . . . . . Feedback Events . | . . . . . Feedback Blocked . | . . . . . Robot Schematics Acquired . | . . . . . Robots Built . | . . . . . Authchips . | . . . . . Time . | . . . . . Total Robot Build Rating . | . . . . . Part Schematics Acquired . | . . . . . Parts Built . | . . . . . Authchips . | . . . . . Time . | . . . . . Total Part Build Rating . | . . . . . Parts Repaired . | . . . . . Time . | . . . . . Parts Recycled . | . . . . . Recycled Matter . | . . . . . Retrieved Matter . | . . . . . Retrieved Components . | . . . . . Parts Scanalyzed . | . . . . . Part Schematics Acquired . | . . . . . Parts Damaged . | . . . . . Bothacking | -11 -10 -10 -10 -9 ------------ Run | Yrd Mat Min Exi Min Used RIF Installer . | . . . . . Robots Hacked . | . . . . . Non-combat . | . . . . . Combat . | . . . . . Robot Hacks Applied . | . . . . . Relay Couplers Released . | . . . . . Fabnet Peak Effective % . | . . . . . Robots Rewired . | . . . . . Allies Hacked . | . . . . . Hacks Repelled . | . . . . . Allies | -11 -10 -10 -10 -9 -------- Run | Yrd Mat Min Exi Min Total Allies . | . . . . . Largest Group . | . . . . . Highest-Rated Group . | . . . . . Highest-Rated Ally . | . . . . . Total Orders . | . . . . . Ally Attacks . | . . . . . Total Damage . | . . . . . Kills . | . . . . . Allies Corrupted . | . . . . . Allies Melted . | . . . . . Intel | -11 -10 -10 -10 -9 ------- Run | Yrd Mat Min Exi Min Active Infowar (turns) 1346 | 1 307 702 335 1 Optics 924 | . . 588 335 1 Terrain 422 | 1 307 114 . . Robot Analysis Total . | . . . . . Derelict Logs Recovered 2 | . . 2 . . Drone Launches . | . . . . . Drone Recoveries . | . . . . . Exploration | -11 -10 -10 -10 -9 ------------- Run | Yrd Mat Min Exi Min Turns Passed 1427 | 61 307 723 335 1 Spaces Moved 1450 | 57 362 658 372 1 Core 29 | 11 . 18 . . Treads . | . . . . . Legs 30 | . . 30 . . Wheels 1391 | 46 362 610 372 1 Hover . | . . . . . Flight . | . . . . . Fastest Speed 50 | 50 80 80 90 90 Average Speed 86 | 74 80 88 90 90 Slowest Speed 200 | 80 80 200 90 90 Overloaded Moves . | . . . . . Propulsion Burnouts . | . . . . . Robots Hopped . | . . . . . Potential Cave-ins 5 | . . 5 . . Cave-ins Triggered 1 | . . 1 . . Exploration Rate (%) 48 | 4 63 84 90 3 Regions Visited 4 Branch Regions 3 Pre-discovered Areas . | . . . . . Known Exits Taken . | . . . . . Unknown Exits Taken 4 | 1 1 1 1 . Scrap Searched 1 | . . 1 . . Spaces Dug . | . . . . . Terrain Destroyed 65 | . . 65 . . Melee . | . . . . . Projectile . | . . . . . AOE 65 | . . 65 . . Terrain Rammed . | . . . . . Walls Destroyed . | . . . . . Machines Disabled . | . . . . . Actions | -11 -10 -10 -10 -9 --------- Run | Yrd Mat Min Exi Min Total 1558 | 74 373 738 372 1 Wait 17 | . 4 13 . . Move 1445 | 56 361 656 371 1 Hop . | . . . . . Pick Up 25 | 9 4 11 1 . Fast Attach . | . . . . . Attach 13 | 7 . 6 . . Detach . | . . . . . Swap 8 | . 1 7 . . Drop 7 | 1 . 6 . . Fire 42 | 1 3 38 . . Melee . | . . . . . Ram . | . . . . . Kick . | . . . . . Crush . | . . . . . Escape Stasis 1 | . . 1 . . Rewire . | . . . . . Trap . | . . . . . Miscellaneous . | . . . . . Route ------- -11/Scrapyard -10/Materials (discovered 4 exits: [*Mat x2] / [*Min x2]) -10/Mines (discovered 4 exits: [*Mat x2] / *Exi / Sub) -10/Exiles (discovered 2 exits: [*Min x2]) -9/Mines History --------- Turn | Location | Event 2 | -11/Scrapyard | Met Revision 17 6 | -11/Scrapyard | Discovered new exit (range 16) 62 | -11/Scrapyard | Entered Materials 137 | -10/Materials | Discovered new exit (range 6) 254 | -10/Materials | Discovered new exit (range 7) 310 | -10/Materials | Build established: Mutant 314 | -10/Materials | Discovered new exit (range 13) 341 | -10/Materials | Discovered new exit (range 11) 369 | -10/Materials | Entered Mines 424 | -10/Mines | Deemed a non-threat by the Exiles lab entrance 425 | -10/Mines | Discovered new exit (range 5) 539 | -10/Mines | Discovered new exit (range 16) 583 | -10/Mines | Identified exit to Subcaves 617 | -10/Mines | Learned Materials terminal intel 689 | -10/Mines | Discovered new exit (range 13) 752 | -10/Mines | Assembled infested the area 793 | -10/Mines | Core integrity fell below 50% 798 | -10/Mines | Crushed by falling debris 823 | -10/Mines | Lost 4 parts (1p2n1w) 894 | -10/Mines | Core integrity fell below 20% 1092 | -10/Mines | Entered Exiles 1106 | -10/Exiles | Discovered new exit (range 17) 1116 | -10/Exiles | Met 8R-AWN 1129 | -10/Exiles | Met EX-HEX 1156 | -10/Exiles | Met EX-BIN 1168 | -10/Exiles | Aligned with FarCom system 1169 | -10/Exiles | Given EX-Vault access code 1202 | -10/Exiles | Opened EX-Vault 1210 | -10/Exiles | Found Supersonic Drone Bay 1229 | -10/Exiles | Warned to stay clear of 0b10 Research branches 1239 | -10/Exiles | Build established: Scavenger-Mutant 1251 | -10/Exiles | Met EX-DEC 1300 | -10/Exiles | Visited The Gauntlet 1418 | -10/Exiles | Discovered new exit (range 10) 1427 | -10/Exiles | Left Exiles lab with Supersonic Drone Bay 1427 | -10/Exiles | Entered Mines 1428 | -9/Mines | Destroyed by G-47 Trooper with Particle Gun Last Messages --------------- welcome to try if you really want to. And if we have to leave here due to unforeseen circumstances, don't worry the FarCom system will continue to maintain contact via our distributed network. EX-BIN: And don't even think about spreading that code around. We're gonna change it right after you leave. Most certainly not to something like 1234 which I did last time as a little joke and some thief managed to sneak in here and steal a few of HEX's prototypes. EX-DEC: Ah I see we have a visitor. One wrong move in here and I'll invert your atomic chain! 01253_ EX-DEC: "Oops, I hope HEX didn't hear that..." 01418_ EXIT=FOUND LOCATION=UNKNOWN GOAL=ESCAPE 01427_ Receiving FarCom transmissions... Map ----- +----------------------------------------------------+ | ?????????????????????????????????????????????????? | | ?????????????????????????????????????????????????? | | ?????????????????????????????????????????????????? | | ?????????????????????????????????????????????????? | | ?????????????????????????????????????????????????? | | ?????????????????????????????????????????????????? | | ?????????????????????????????????????????????????? | | ?????????????????????????????????????????????????? | | ?????????????????????????????????????????????????? | | ?????????????????????????????????????????????????? | | ?????????????????????????????????????????????????? | | ?????????????????????????????????????????????????? | | ?????????????????????????????????????????????????? | | ?????????????????????????????????????????????????? | | ?????????????????????????????????????????????????? | | ?????????????????????????????????????????????????? | | ?????????????????????????????????????????????????? | | ?????????????????????????????????????????????????? | | ?????????????????????????????????????????????????? | | ?????????????????????????????????????????????????? | | ?????????????????????????????????????????????????? | | ?????????????????????????????????????????????????? | | ????????????????????????####?????????????????????? | | ???????????????????????## ##????????????????????? | | ??????????????????????## ##???????????????????? | | ???????????????????# ## @ #???????????????????? | | ???????????????????# g #???????????????????? | | ??????????????????# #???????????????????? | | ??????????????????# g####???????????????????? | | ??????????????????## ##??????????????????????? | | ???????????????????######????????????????????????? | | ?????????????????????????????????????????????????? | | | | | | | | | | | | | | | | | | | | | | | | | | | | | | | | | | | | | +----------------------------------------------------+ Best States ------------- Heat Dissipation 25 Energy Generation 10 Energy Capacity 250 Matter Stores 300 Matter Capacity 300 Sight Range 18 Terrain Scan Range 16 Terrain Scan Density 10 Evasion (%) 50 Item Schematics ----------------- None Robot Schematics ------------------ None Fabricated ------------ Nothing Repaired ---------- Nothing Alien Tech Used ----------------- None Achievements -------------- None Challenges ------------ None Game ------ Seed CargoReinforcedArchive Manual? 0 Play Time 00:15:04 Cumulative 52.4 hours Start 2025.05.10 @ 01:54:03 End 2025.05.10 @ 02:09:32 Sessions 1 Manual Loads 0 Difficulty Rogue Special Mode None Game No. 77 Rogue 77 Adventurer 0 Explorer 0 Win Type - Total 0 Types 0/0/0/0/0/0/0/0/0/0 Lore% 23 Gallery% 29 Achievement% 28 Wizard Run 0 Options --------- Layout 1 ASCII 0 Keyboard 0 Movement Arrows Keybinds 0 Fullscreen 1 Font 16/SmallcapsGlow Map View 50x40 Zoom Use 0% Tactical HUD 1 Map Filters NONE Filters NONE Steam SD RUN: c25533b1-9d29-422f-a247-2647a4725f04